 Dungeon Crawl Stone Soup version 0.28-a0-1638-g9123634e07 (webtiles) character file.

Game seed: 16688207204301875305

27 HallandMoats the Skirmisher (level 3, 33/33 HPs)
             Began as a Ghoul Monk on Jan 25, 2022.
             Was a Believer of Vehumet.
             Safely got out of the dungeon.
             The game lasted 00:01:06 (1326 turns).

HallandMoats the Skirmisher (Ghoul Monk)            Turns: 1326, Time: 00:01:07

Health: 33/33      AC:  2    Str: 16    XL:     3   Next: 10%
Magic:  2/2        EV: 12    Int:  5    God:    Vehumet [**....]
Gold:   41         SH:  0    Dex: 11    Spells: 2/2 levels left

rFire   . . .      SeeInvis .   a - +0 hand axe
rCold   + . .      Faith    .   (no shield)
rNeg    + + +      Spirit   .   b - +0 robe
rPois   ∞          Reflect  .   (no helmet)
rElec   .          Harm     .   (no cloak)
rCorr   .          Rampage  .   (no gloves)
Will    .....                   (no boots)
Stlth   ++........              (no amulet)
HPRegen 0.11/turn               (no ring)
MPRegen 0.08/turn               (no ring)

@: no status effects
A: claws 1, cold resistance 1, negative energy resistance 3, inhibited
regeneration, torment resistance 2
a: Renounce Religion


You escaped.
You worshipped Vehumet.
Vehumet was pleased with you.
You visited 1 branch of the dungeon, and saw 1 of its levels.

You collected 41 gold pieces.

Inventory:

Hand Weapons
 a - a +0 hand axe (weapon)
Armour
 b - a +0 robe (worn)
Scrolls
 f - a scroll of enchant armour {unknown}
 g - a scroll of teleportation {unknown}
Potions
 c - a potion of curing {unknown}
 d - a potion of attraction {unknown}
 e - a potion of heal wounds {unknown}


   Skills:
 * Level 3.7 Fighting
 * Level 3.0 Axes
 + Level 0.5 Armour
 + Level 2.8 Dodging
 - Level 2.1 Stealth
 + Level 0.9 Invocations


You had 2 spell levels left.
You didn't know any spells.
Your spell library contained the following spells:

 Spells                   Type           Power      Damage    Failure   Level
 Magic Dart               Conj           0%         1d3       47%         1
 Animate Skeleton         Necr           0%         N/A       47%         1
 Pain                     Necr           0%         1d4       47%         1
 Vampiric Draining        Necr           0%         2d6       85%         3


Dungeon Overview and Level Annotations

Branches:
Dungeon (1/15)

Altars:
Vehumet


Innate Abilities, Weirdness & Mutations

You thrive by killing the living.
You are immune to poison.
You have sharp fingernails.
Your flesh is cold resistant. (rC+)
You are immune to negative energy. (rN+++)
You do not regenerate when monsters are visible.
You are immune to unholy pain and torment.


Message History

You hit the withered plant. You hit the plant.
The withered plant crumbles away. x2; A nearby plant withers and dies.
You hit the withered plant.
The withered plant begins to crumble.
The withered plant is lightly damaged.
You hit the withered plant.
The withered plant begins to crumble.
You completely miss the plant. You hit the withered plant.
The withered plant is lightly damaged.
You hit the plant.
The plant begins to die.
You hit the withered plant. You hit the withered plant.
The withered plant is lightly damaged.
You hit the plant. You hit the withered plant.
You hit the withered plant but do no damage.
The withered plant is lightly damaged.
You hit the withered plant but do no damage.
You hit the plant but do no damage.
The withered plant crumbles away. x2
A nearby plant withers and dies.
You hit the withered plant.
The withered plant begins to crumble.
The withered plant is lightly damaged.
You slash the withered plant!
The withered plant is lightly damaged.
You hit the withered plant.
The withered plant is lightly damaged.
The withered plant crumbles away.
There is a faded altar of an unknown god here.
You cannot tell which god this altar belongs to.
Convert to them anyway?
Vehumet accepts your prayer! Vehumet welcomes you!
You can now gain magical power from killing.
Vehumet offers you knowledge of Magic Dart.
(D) Dungeon
Where to? (? - help)
What level of the Dungeon? (default 1, ? - help)
There is an open door here.
You see here 22 stones.
There is an open door here.
There is a dry fountain here.
There is a staircase leading out of the dungeon here.
Are you sure you want to leave the Dungeon?
This will make you lose the game!
You have escaped!

..#####.....#####.#
..########### #.##
###.........#####..#
...............###.#
.....⌠...⌠.......#.#
..⌠.........⌠...##.#
.......≈.........#.#
.⌠...........⌠...#.#
....≈.....≈.....@#.#
.⌠.........(.⌠...#.#
.......≈.........#.##
..⌠.........⌠...##..#
.....⌠...⌠......'.#)#
...............##.#.#
###.........#####.#.#
########### #.#.#
#.#.#


There were no monsters in sight!

Vanquished Creatures
  A dart slug (D:1)
  3 endoplasms (D:1)
  2 giant cockroaches (D:1)
  3 hobgoblins (D:1)
  4 kobolds (D:1)
  A quokka (D:1)
  2 ball pythons (D:1)
  2 bats (D:1)
  A frilled lizard (D:1)
  4 goblins (D:1)
23 creatures vanquished.

Vanquished Creatures (others)
  10 plants (D:1)
  8 withered plants (D:1)
18 creatures vanquished.

Grand Total: 41 creatures vanquished

Notes
Turn   | Place    | Note
-------+----------+-------------------------------------------
     0 | D:1      | HallandMoats the Ghoul Monk began the quest for the Orb.
     0 | D:1      | Reached XP level 1. HP: 19/19 MP: 0/0
   107 | D:1      | Reached XP level 2. HP: 4/26 MP: 1/1
   879 | D:1      | Found a faded altar of an unknown god.
   980 | D:1      | Reached XP level 3. HP: 33/33 MP: 2/2
  1274 | D:1      | Prayed at the altar of an unknown god.
  1274 | D:1      | Became a worshipper of Vehumet
  1274 | D:1      | Reached * piety under Vehumet
  1274 | D:1      | Offered knowledge of Magic Dart by Vehumet.
  1274 | D:1      | Reached ** piety under Vehumet
  1326 | D:$      | Safely got out of the dungeon.

Illustrated notes

Levels and vault maps discovered:
D:1:      dpeg_arrival_stone_temple_mockup, layout_rooms,
          shapermc_ecumenical_altar_flowoftime, serial_bayou_pond_c

Skill      XL: |  1  2 |
---------------+-------+-----
Axes           | 3 |  3.0
Fighting       | |  3.7
Armour         | |  0.5
Dodging        | |  2.8
Stealth        | |  2.1
Invocations    | |  0.9

Action                   || total
-------------------------++-------
Melee: Hand axe          ||    98
       Punch             ||     2
Armor: Robe              ||    14
Dodge: Dodged            ||    46

Table legend: (Time is in decaauts)
 A = Elapsed time spent in this place.
 B = Non-inter-level travel time spent in this place.
 C = Inter-level travel time spent in this place.
 D = Time resting spent in this place.
 E = Time spent auto-exploring this place.
 F = Levels seen in this place.
 G = Mean time per level.
                   A        B        C        D        E       F      G
               +--------+--------+--------+--------+--------+-----+--------+
         Total |   1347 |   1297 |     50 |      0 |   1086 |   1 | 1347.0 |
       Dungeon |   1347 |   1297 |     50 |      0 |   1086 |   1 | 1347.0 |
               +--------+--------+--------+--------+--------+-----+--------+

Top non-repeatable levels by time:
     D:1: 1347 daAuts
